 Dungeon Crawl Stone Soup version 0.22.0-75-g3901e79 (webtiles) character file.

60 Starchild the Bolt Thrower (level 4, 0/25 HPs)
             Began as a Kobold Arcane Marksman on Sept 13, 2018.
             Succumbed to an adder's poison
             ... on level 2 of the Dungeon.
             The game lasted 00:05:21 (1102 turns).

Starchild the Bolt Thrower (Kobold Arcane Marksman) Turns: 1102, Time: 00:05:21

Health: 0/25       AC:  2    Str:  7    XL:     4   Next: 25%
Magic:  5/5        EV: 20    Int: 19    God:
Gold:   106        SH:  0    Dex: 20    Spells: 2/5 levels left

rFire    . . .     SeeInvis .   a - +0 hand crossbow
rCold    + . .     Gourm    .   (shield restricted)
rNeg     . . .     Faith    .   e - +0 robe
rPois    .         Spirit   .   (no helmet)
rElec    .         Reflect  .   (no cloak)
rCorr    .         Harm     .   (no gloves)
MR       .....                  (no boots)
Stlth    +++.......             (no amulet)
HPRegen  0.08/turn              c - ring of protection from cold
MPRegen  0.09/turn              b - +4 ring of intelligence

@: agile, lethally poisoned (0 -> -4), very slightly contaminated, invisible
A: small, carnivore
a: no special abilities


You were on level 2 of the Dungeon.
You were not hungry.

You visited 1 branch of the dungeon, and saw 2 of its levels.

You collected 106 gold pieces.

Inventory:

Hand Weapons
 a - a +0 hand crossbow (weapon)
 i - a +0 club
 j - a +0 dagger
Missiles
 d - 10 bolts (quivered)
 g - 66 stones
Armour
 e - a +0 robe (worn)
Jewellery
 b - a +4 ring of intelligence (right hand)
 c - a ring of protection from cold (left hand)
Scrolls
 k - 2 scrolls of teleportation {unknown}
 l - 2 scrolls of amnesia {unknown}
 m - a scroll of immolation {unknown}
Comestibles
 f - 6 rations


   Skills:
 - Level 1.1 Fighting
 + Level 5.1 Crossbows
 - Level 2.4 Dodging
 - Level 1.1 Spellcasting
 - Level 3.0 Hexes


You had 2 spell levels left.
You knew the following spells:

 Your Spells              Type           Power        Failure   Level  Hunger
a - Corona                Hex            ##.....      5%          1    ##.....
b - Slow                  Hex            ##......     9%          2    ###....

Your spell library contained the following spells:

 Spells                   Type           Power        Failure   Level  Hunger
 Inner Flame              Hex/Fire       #.......     30%         3    ####...
 Portal Projectile        Hex/Tloc       #.....       30%         3    ####...
 Cause Fear               Hex            ##........   47%         4    #####..
 Leda's Liquefaction      Hex/Erth       #.........   69%         4    #####..


Dungeon Overview and Level Annotations

Branches:
Dungeon (2/15)

Altars:
Ru
The Shining One


Innate Abilities, Weirdness & Mutations

You are small and have problems with some larger weapons.
You are carnivorous and can eat meat at any time.


Message History

You feel agile all of a sudden.
* * * LOW HITPOINT WARNING * * *
You feel sick.
There is a lethal amount of poison in your body!
Okay, then.
* * * LOW HITPOINT WARNING * * *
You feel sick.
Things that are here:
a bolt; an adder corpse
* * * LOW HITPOINT WARNING * * *
You feel sick.
You see here a white potion.
h - a white potion It was a potion of invisibility.
You fade into invisibility!
* * * LOW HITPOINT WARNING * * *
You feel sick.
You are very lightly contaminated with residual magic.
There is a lethal amount of poison in your body!
You die...

## #.......# .#
#.......# .# #.......#
.# ##.....######### .#
##...##........ .#
####+#######'##..#######
.. ...(.$..........## .
...(....((......#
.......@........#
####+#######+####
##########


There were no monsters in sight!

Vanquished Creatures
  2 adders (D:2)
  A dart slug (D:1)
  3 leopard geckos
  2 bats
  4 giant cockroaches (D:1)
  3 goblins (D:1)
  3 hobgoblins
  3 jackals (D:1)
  2 quokkas (D:2)
  A ball python (D:2)
  5 frilled lizards
  2 kobolds (D:1)
  5 rats
36 creatures vanquished.

Notes
Turn   | Place    | Note
-------+----------+-------------------------------------------
     0 | D:1      | Starchild the Kobold Arcane Marksman began the quest for
                  | the Orb.
     0 | D:1      | Reached XP level 1. HP: 12/12 MP: 2/2
    68 | D:1      | Reached skill level 3 in Crossbows
    86 | D:1      | Reached XP level 2. HP: 14/16 MP: 3/3
   333 | D:1      | Reached skill level 4 in Crossbows
   333 | D:1      | Reached XP level 3. HP: 14/20 MP: 4/4
   342 | D:1      | Learned a level 2 spell: Slow
   681 | D:2      | Found a sacrificial altar of Ru.
   800 | D:2      | Found a glowing golden altar of the Shining One.
   896 | D:2      | Reached XP level 4. HP: 25/25 MP: 5/5
  1092 | D:2      | Reached skill level 5 in Crossbows
  1100 | D:2      | HP: 1/25 [poisoned by an adder]
  1102 | D:2      | Succumbed to an adder's poison

Skill      XL: |  1  2  3  4 |
---------------+-------------+-----
Crossbows      | 3 4 5 |  5.1
Fighting       | |  1.1
Dodging        | |  2.4
Spellcasting   | |  1.1
Hexes          | |  3.0

Action                   |  1- 3 |  4- 6 || total
-------------------------+-------+-------++-------
Melee: Dagger            |     1 |     1 ||     2
 Fire: Hand crossbow     |    67 |    12 ||    79
  Use: Scroll            |     2 |       ||     2
       Potion            |       |     2 ||     2
  Eat: Chunk             |       |     4 ||     4
Armor: Robe              |     2 |       ||     2
Dodge: Dodged            |    19 |     5 ||    24
